 Dungeon Crawl Stone Soup version 0.30-a0-329-g85436e0a43 (webtiles) character file.

Game seed: 2443895202861953417

302563 freelancePsychic the Warrior (level 21, -11/167 HPs)
             Began as a Djinni Berserker on Oct 28, 2022.
             Was a High Priest of Trog.
             Mangled by a vampire knight
             ... wielding a +0 long sword
              (48 damage)
             ... on level 3 of the Vaults.
             The game lasted 01:28:25 (52750 turns).

freelancePsychic the Warrior (Djinni Berserker)    Turns: 52750, Time: 01:28:26

Health: -11/167    AC: 25    Str: 22    XL:     21   Next: 98%
Gold:   2346       EV: 26    Int:  7    God:    Trog [*****.] SH: 21 Dex: 27

rFire   + + +      SeeInvis .    M - +8 autumn katana {vorpal, manifold assault}
rCold   + + .      Faith    .    b - +0 kite shield
rNeg    . . .      Spirit   .    T - +4 ring mail {rF+}
rPois   ∞          Reflect  +    Z - +2 helmet
rElec   .          Harm     .    E - +2 cloak
rCorr   .          Rampage  .    r - +2 pair of gloves
Will    ++...                    (boots unavailable)
Stlth   +.........               Q - amulet "Oceh" {Reflect rC+++ Str+6 Int-5 SH+5}
HPRegen 0.47/turn                t - +4 ring of protection
MPRegen 0.00/turn                W - +6 ring of dexterity

@: about to teleport, marked, flying, studying Short Blades
A: sickness immunity, fire resistance 2, cold vulnerability 1, float, innate
caster, HP casting, extra vitality 1
}: 2/15 runes: barnacled, gossamer
a: Renounce Religion, Berserk, Trog's Hand, Brothers in Arms


You were on level 3 of the Vaults.
You worshipped Trog.
Trog was extremely pleased with you.
You visited 7 branches of the dungeon, and saw 35 of its levels.
You also visited: Volcano.

You collected 4507 gold pieces.
You spent 2161 gold pieces at shops.

Inventory:

Hand Weapons
 a - a +7 demon blade of venom
 M - the +8 autumn katana (weapon) {vorpal, manifold assault}
   (Trog gifted it to you on level 3 of the Vaults)

   It sometimes launches melee attacks against multiple visible enemies.
Missiles
 g - 19 javelins
 j - 8 throwing nets
 m - 14 silver javelins
 w - 29 boomerangs (quivered)
 K - 7 silver boomerangs
Armour
 b - a +0 kite shield (worn)
 r - a +2 pair of gloves (worn)
 E - a +2 cloak (worn)
 G - a scarf of resistance
 T - a +4 ring mail of fire resistance (worn)
 Z - a +2 helmet (worn)
Jewellery
 k - an amulet of reflection
 l - the ring "Hexkes" {Fly rElec rN+ Str-2 SInv}
   (You found it on level 14 of the Dungeon)

   [ring of see invisible]

   Str:       It affects your strength (-2).
   rElec:     It insulates you from electricity.
   rN:        It protects you from negative energy.
   SInv:      It lets you see invisible.
   Fly:       It grants you flight.
 t - a +4 ring of protection (left hand)
 x - a ring of protection from cold
 Q - the amulet "Oceh" (around neck) {Reflect rC+++ Str+6 Int-5 SH+5}
   (You bought it in a shop on level 1 of the Elven Halls)

   [amulet of reflection]

   It reflects blocked missile attacks.
   Str:       It affects your strength (+6).
   Int:       It affects your intelligence (-5).
   rC:        It renders you almost immune to cold.
   SH:        It affects your SH (+5).
 W - a +6 ring of dexterity (right hand)
 X - a +4 ring of protection
Wands
 F - a wand of digging (4)
 L - a wand of flame (60)
 R - a wand of quicksilver (2)
 S - a wand of charming (1)
Scrolls
 c - 3 scrolls of enchant armour
 e - a scroll of fear
 f - 11 scrolls of magic mapping
 o - 9 scrolls of blinking
 D - 5 scrolls of fog
 H - 5 scrolls of vulnerability
 I - a scroll of silence
 J - 4 scrolls of teleportation {@r4}
 V - 3 scrolls of poison
 Y - 3 scrolls of immolation
Potions
 d - 3 potions of berserk rage
 h - a potion of heal wounds {@q2}
 i - 11 potions of mutation
 n - 5 potions of ambrosia
 p - 3 potions of cancellation
 q - 2 potions of brilliance
 s - a potion of resistance
 u - 8 potions of attraction
 v - 7 potions of flight
 z - 9 potions of lignification
 A - 9 potions of curing {@q1}
 B - 5 potions of haste {@q3}
 C - 11 potions of might
 N - 3 potions of invisibility
Miscellaneous
 y - a phial of floods
 O - a tin of tremorstones (inert)
 P - a phantom mirror
 U - a condenser vane (inert)


   Skills:
 + Level 19.9 Fighting
 - Level 14.3 Long Blades
 - Level 10.0 Armour
 + Level 16.9 Dodging
 - Level 15.0 Shields
 + Level 17.1 Evocations


You couldn't memorise any spells.
You knew the following spells:

 Your Spells              Type           Power      Damage    Failure   Level
a - Slow                  Hex            0%         N/A       77%         1
b - Searing Ray           Conj           0%         2d4       88%         2
c - Ignite Poison         Fire/Tmut/Pois 0%         N/A       98%         3
d - Frozen Ramparts       Ice            0%         1d1       98%         3
e - Lightning Bolt        Conj/Air       0%         1d11      100%        5
f - Blade Hands           Tmut           0%         N/A       100%        5
g - Statue Form           Tmut/Erth      0%         N/A       100%        6
h - Iron Shot             Conj/Erth      0%         9d1       100%        6
i - Conjure Ball Lightni  Conj/Air       0%         3x3d6     100%        6
j - Malign Gateway        Summ/Tloc      0%         N/A       100%        7
Your spell library was empty.


Dungeon Overview and Level Annotations

Branches:
Dungeon (15/15)            Temple (0/1) D:7            Lair (5/5) D:10
 Shoals (4/4) Lair:3       Spider (4/4) Lair:2        Slime (0/5) Lair:4
    Orc (2/2) D:11            Elf (2/3) Orc:2        Vaults (3/5) D:13
 Depths (0/4) D:15        Volcano (visited)
  Crypt: Vaults:2-3

Altars:
Cheibriados
Hepliaklqana
Makhleb
Nemelex Xobeh
Qazlal
Ru
Trog
Uskayaw
Wu Jian
Yredelemnul
Zin
The Shining One

Shops:
D:14 :   Orc:2 *(([   Elf:1 =:=   Shoals:1 =   Shoals:4 ?   Vaults:2 (
Vaults:3 (

Annotations:
D:7 2 transporters
D:11 exclusion: downstairs
Shoals:2 2 transporters, sirJeffrey23's ghost, adept FoFi
Elf:1 6 runed translucent doors
Elf:2 3 runed translucent doors
Vaults:2 exclusion: 2 lightning spires


Innate Abilities, Weirdness & Mutations

You are immune to sickness and miasma.
You are immune to poison.
Your flesh is very heat resistant. (rF++)
You are vulnerable to cold. (rC-)
You float through the air rather than walking.
You learn spells naturally, not from books.
Your magical power is your life essence.
You have superior vitality. (+4 MHP)


Message History

Trog accepts your kill.
The ironbound convoker gestures at the vault sentinel while chanting.
The vault sentinel seems to grow stronger.
The ironbound convoker hits your deep troll with a +0 morningstar of pain!!
Your deep troll writhes in agony.
Your deep troll bites the ironbound convoker!!
Your deep troll claws the ironbound convoker! x2
The ironbound convoker dies!
Trog accepts your kill.
Trog appreciates your killing of a magic user.
Something hits you!!
* * * LOW HITPOINT WARNING * * *
Deactivating autopickup; reactivate with Ctrl-A.
Something bites you but does no damage.
Your deep troll bites the ironbound convoker!
Your deep troll claws the ironbound convoker but does no damage.
Your deep troll barely misses the ironbound convoker.
The ironbound convoker closely misses your deep troll.
The vault sentinel blows a loud note on a signal horn!
As you read the scroll of teleportation {@r4}, it crumbles to dust.
You feel strangely unstable. Something hits you!
* * * LOW HITPOINT WARNING * * *
Something barely misses you.
Your deep troll bites the ironbound convoker!!
The ironbound convoker dies!
Trog accepts your kill.
Trog appreciates your killing of a magic user.
The sphinx barely misses your deep troll.
The sphinx closely misses your deep troll.
The sphinx hits your deep troll!
The vault sentinel barely misses your deep troll.
An eidolon comes into view.
Something closely misses you. Something bites you but does no damage.
You feel better.
Your deep troll bites the sphinx!!
Your deep troll claws the sphinx.
Your deep troll claws the sphinx!!
The sphinx dies!
Trog accepts your kill.
Trog appreciates your killing of a magic user.
Something hits you!!!
You die...

#.......#
#.......#
#.......#
####)######
#)......#
#.))....#
#).).)..#
#.......# ####
#..@....# ##...#
###T######
#.....##.)p)......
.......#..........
...∩.p..[.#######.
.....).).z#
#†.)..#...#
##...##.W.# .....
....#


You could see a revenant, an eidolon, a vault sentinel (strong) and a friendly
deep troll (summoned, berserk).

Vanquished Creatures
  Saint Roka (Vaults:3)
  A bone dragon (Vaults:2)
  Rupert (Lair:4)
  Mlioglotl (Shoals:4)
  Gastronok (D:9)
  2 krakens
  Polyphemus (Shoals:2)
  2 sphinxes (Vaults:2)
  Kirke (D:15)
  A frost giant (Vaults:2)
  8 vault wardens
  4 emperor scorpions
  An orc warlord (Orc:2)
  Louise (Shoals:3)
  2 ghost moths (Spider:4)
  3 stone giants
  A deep elf elementalist (Elf:2)
  The ghost of ChongLi the Wallflower, an adept VSBr of Uskayaw (Spider:2)
  10 ironbound preservers
  2 very ugly things (Vaults:1)
  2 broodmothers
  4 ironbound thunderhulks
  A war gargoyle (Vaults:2)
  A caustic shrike skeleton (Vaults:2)
  A deep elf demonologist (Elf:1)
  7 dire elephants (Vaults:2)
  An elemental wellspring (Shoals:3)
  A deep elf annihilator (Vaults:2)
  An eidolon (Vaults:2)
  Snorg (Lair:3)
  6 merfolk javelineers
  A crystal guardian (Vaults:2)
  An entropy weaver (Spider:4)
  A fire dragon (Vaults:2)
  3 merfolk impalers
  Josephine (D:15)
  2 deep elf high priests (Elf:1)
  7 great orbs of eyes
  5 yaktaur captains
  A juggernaut simulacrum (Vaults:2)
  Harold (D:10)
  4 vault guards
  A peacekeeper (Vaults:2)
  Erolcha (D:11)
  2 radroaches (Spider:4)
  3 hydras
  3 ogre magi
  3 ghost crabs (Vaults:2)
  A spriggan skeleton (Vaults:2)
  2 alligator snapping turtles (Shoals:4)
  9 centaur warriors
  5 ironbound frosthearts
  4 merfolk aquamancers
  12 dancing weapons
  14 two-headed ogres
  3 catoblepae
  3 merfolk avatars
  A tengu warrior (D:14)
  5 boulder beetles
  3 satyrs
  4 death yaks
  An orc high priest (Orc:2)
  8 deep elf knights (Elf:1)
  3 skeletal warriors
  Nergalle (D:11)
  15 sea snakes
  A sun moth (Spider:1)
  6 pharaoh ants
  Lodul (D:10)
  24 deep trolls
  A death drake (Vaults:2)
  8 steelbarb worms
  5 orb spiders
  8 deep elf archers
  A glowing orange brain (D:15)
  9 ironbound convokers
  4 lindwurms
  A mana viper (shapeshifter) (D:15)
  18 deep elf pyromancers
  8 wizards
  4 orc knights
  8 deep elf zephyrmancers
  15 fauns
  14 ugly things
  An orc sorcerer (Orc:2)
  22 harpies
  23 wolf spiders
  5 cyclopes
  An iron dragon skeleton (Vaults:2)
  7 moths of wrath
  19 manticores
  8 merfolk sirens
  4 elephants (Lair:4)
  Maurice (Orc:1)
  4 naga magi (Vaults:2)
  2 guardian serpents (shapeshifter)
  7 black mambas
  6 vault sentinels
  5 torpor snails
  7 water nymphs
  8 cane toads
  6 demonic crawlers
  4 gargoyles
  3 rime drakes
  15 yaktaurs
  9 komodo dragons
  An efreet (Volcano)
  A freezing wraith (Vaults:1)
  7 meliai
  25 merfolk
  13 polar bears
  11 wind drakes
  26 tarantellas
  2 tengu simulacra (Vaults:2)
  5 trolls
  3 hornets
  13 slime creatures
  6 raiju
  19 blink frogs
  12 snapping turtles
  32 jumping spiders
  4 dream sheep (Lair:3)
  10 water elementals
  Sigmund (D:6)
  3 air elementals
  A human (D:15)
  2 shadows
  8 wraiths
  2 vampires
  7 wyverns
  18 culicivoras
  52 yaks
  5 fire elementals
  5 hogs
  A human (shapeshifter) (D:14)
  2 fire bats (Lair:5)
  7 basilisks
  52 redbacks
  5 vampire mosquitoes
  A steam dragon (D:9)
  8 wargs
  4 acid dragons
  10 water moccasins
  12 hell hounds (Lair:5)
  A water moccasin (shapeshifter) (D:13)
  4 ice beasts
  33 orc warriors
  14 black bears
  3 sky beasts
  29 wolves
  18 ogres
  5 boggarts (D:14)
  9 centaurs
  3 phantoms
  3 kobold brigands
  Blork the orc (D:6)
  15 bullfrogs
  A necrophage (D:6)
  6 scorpions
  A gnoll sergeant (D:7)
  3 earth elementals
  3 troll zombies (D:11)
  9 killer bees
  3 small abominations (Vaults:2)
  9 howler monkeys
  A vampire bat (Vaults:2)
  A lava snake (Lair:5)
  A jelly (D:4)
  2 hounds
  20 orc priests
  Crazy Yiuf (D:6)
  4 iguanas
  28 orc wizards
  3 ogre zombies (D:11)
  3 gnolls (D:7)
  11 adders
  2 white imps
  2 ufetubi
  2 dart slugs
  104 orcs
  7 bats
  7 endoplasms
  3 giant cockroaches
  11 goblins
  9 hobgoblins
  4 jackals (D:1)
  7 quokkas
  2 ball pythons (D:1)
  5 frilled lizards
  2 goblin skeletons (D:11)
  6 goblin zombies (D:11)
  14 kobolds
  2 orc skeletons (D:11)
  9 orc zombies (D:11)
  5 rats
  9 tentacles
1364 creatures vanquished.

Vanquished Creatures (collateral kills)
  A lich (Vaults:3)
  A sphinx (Vaults:3)
  An emperor scorpion (Spider:4)
  A ghost moth (Spider:3)
  A broodmother (Spider:4)
  An entropy weaver (Spider:4)
  A vault guard (Vaults:3)
  A centaur warrior (Shoals:2)
  A merfolk aquamancer (Shoals:4)
  A boulder beetle (Spider:4)
  2 dancing weapons (Elf:1)
  An orc high priest (Elf:1)
  Urug (Lair:1)
  2 deep elf knights (Elf:1)
  2 steelbarb worms
  A deep troll (Vaults:2)
  An orb spider (Spider:1)
  A deep elf archer (Elf:1)
  A deep elf pyromancer (Elf:1)
  2 ironbound convokers (Vaults:3)
  A wolf spider (Spider:1)
  2 deep elf zephyrmancers (Elf:1)
  A manticore (Shoals:2)
  A torpor snail (Spider:4)
  2 komodo dragons (Lair:5)
  A tarantella (Spider:4)
  A wind drake (Shoals:4)
  2 blink frogs (Lair:4)
  A jumping spider (Spider:3)
  An air elemental (Elf:1)
  2 water elementals
  A culicivora (Spider:1)
  2 redbacks (Spider:1)
  An earth elemental (Elf:1)
43 creatures vanquished.

Vanquished Creatures (others)
  A ghost moth (Spider:4)
  A deep elf knight (Elf:1)
  A sea snake (Shoals:4)
  An orb spider (Spider:1)
  2 deep elf pyromancers (Elf:1)
  A deep elf zephyrmancer (Elf:1)
  A faun (Shoals:3)
  A polar bear (Lair:5)
  A tarantella (Spider:1)
  A snapping turtle (Shoals:4)
  A yak (Lair:5)
  A water elemental (Elf:1)
  2 humans (D:15)
  A redback (Spider:1)
  A water moccasin (Lair:3)
  An orc warrior (Orc:2)
  A centaur (D:15)
  4 ball lightnings (Vaults:2)
  A bush (Lair:4)
  30 fungi
  102 plants
  4 tentacles (Shoals:2)
160 creatures vanquished.

Grand Total: 1567 creatures vanquished

Notes
Turn   | Place    | Note
-------+----------+-------------------------------------------
     0 | D:1      | freelancePsychic the Djinni Berserker began the quest for
                  | the Orb.
     0 | D:1      | Reached XP level 1. HP: 20/20 MP: 0/0
   184 | D:1      | Reached XP level 2. HP: 20/25 MP: 0/0
   584 | D:1      | Reached XP level 3. HP: 30/30 MP: 0/0
   584 | D:1      | Learned a level 1 spell: Slow
   848 | D:1      | Reached ** piety under Trog
  1459 | D:2      | Reached XP level 4. HP: 16/35 MP: 0/0
  2493 | D:3      | Found a faded altar of an unknown god.
  2693 | D:3      | Reached XP level 5. HP: 23/41 MP: 0/0
  2693 | D:3      | Learned a level 2 spell: Searing Ray
  3007 | D:3      | Found a sparkling altar of Nemelex Xobeh.
  3505 | D:4      | Reached *** piety under Trog
  3728 | D:4      | Reached skill level 4 in Fighting
  3734 | D:4      | Found a glowing golden altar of the Shining One.
  3799 | D:4      | Reached XP level 6. HP: 46/47 MP: 0/0
  4478 | D:5      | Entered Level 5 of the Dungeon
  4522 | D:5      | Reached skill level 5 in Long Blades
  4594 | D:5      | Reached skill level 1 in Evocations
  4624 | D:5      | Found a stormy altar of Qazlal.
  4624 | D:5      | Noticed a water elemental
  4634 | D:5      | Reached XP level 7. HP: 48/53 MP: 0/0
  4634 | D:5      | Learned a level 3 spell: Ignite Poison
  4667 | D:5      | Noticed a fire elemental
  4865 | D:5      | Noticed an air elemental
  5246 | D:5      | Found a basalt altar of Yredelemnul.
  5625 | D:6      | Reached skill level 5 in Fighting
  5641 | D:6      | Reached XP level 8. HP: 8/59 MP: 0/0
  6051 | D:6      | Found a sacrificial altar of Ru.
  6148 | D:6      | Found an ornate altar of the Wu Jian Council.
  6180 | D:6      | Noticed Blork the orc
  6181 | D:6      | Noticed Sigmund
  6187 | D:6      | Killed Blork the orc
  6192 | D:6      | Killed Sigmund
  6193 | D:6      | Reached skill level 6 in Fighting
  6193 | D:6      | Reached XP level 9. HP: 66/66 MP: 0/0
  6193 | D:6      | Learned a level 3 spell: Frozen Ramparts
  6605 | D:6      | Found a runed translucent door.
  6606 | D:6      | Noticed Crazy Yiuf
  6620 | D:6      | Killed Crazy Yiuf
  7205 | D:7      | Found a staircase to the Ecumenical Temple.
  7349 | D:7      | Reached skill level 5 in Evocations
  7502 | D:7      | Found a transporter.
  7506 | D:7      | Found a transporter.
  8051 | D:8      | Reached skill level 7 in Fighting
  8076 | D:8      | Reached XP level 10. HP: 75/75 MP: 0/0
  8401 | D:8      | Noticed a two-headed ogre
  8411 | D:8      | Killed a two-headed ogre
  9287 | D:9      | Reached skill level 10 in Long Blades
  9389 | D:9      | Reached skill level 8 in Fighting
  9793 | D:9      | Noticed Gastronok
  9807 | D:9      | Reached XP level 11. HP: 66/82 MP: 0/0
  9807 | D:9      | Learned a level 5 spell: Lightning Bolt
  9831 | D:9      | Reached skill level 5 in Dodging
  9844 | D:9      | Killed Gastronok
 10001 | D:9      | Found a bloodstained altar of Trog.
 10285 | D:9      | Reached skill level 9 in Fighting
 10395 | D:9      | Found a burning altar of Makhleb.
 10397 | D:9      | Noticed a balrug
 10448 | D:10     | Entered Level 10 of the Dungeon
 10448 | D:10     | Noticed a two-headed ogre
 10486 | D:10     | Noticed a two-headed ogre
 10502 | D:9      | Killed a two-headed ogre
 10781 | D:10     | Noticed a two-headed ogre
 10790 | D:10     | Killed a two-headed ogre
 10938 | D:10     | Found a snail-covered altar of Cheibriados.
 11088 | D:10     | Noticed a deep elf pyromancer
 11102 | D:10     | Killed a deep elf pyromancer
 11198 | D:10     | Noticed Lodul
 11214 | D:10     | Killed Lodul
 11232 | D:10     | Noticed Harold
 11243 | D:10     | Killed Harold
 11461 | D:10     | Found a hazy altar of Hepliaklqana.
 11467 | D:10     | Found a hide-covered altar of Uskayaw.
 11503 | D:10     | Reached XP level 12. HP: 91/91 MP: 0/0
 11587 | D:10     | Killed a two-headed ogre
 11734 | D:10     | Found a staircase to the Lair.
 12224 | D:11     | Found a staircase to the Orcish Mines.
 12250 | D:11     | Reached skill level 10 in Fighting
 12259 | D:11     | Reached **** piety under Trog
 12444 | D:11     | Noticed Erolcha
 12455 | D:11     | Killed Erolcha
 12586 | D:11     | Noticed Nergalle
 12609 | D:11     | Killed Nergalle
 13404 | D:12     | Noticed a skeletal warrior
 13406 | D:12     | Noticed a skeletal warrior
 13491 | Lair:1   | Entered Level 1 of the Lair of Beasts
 14006 | Lair:1   | Identified the +4 falchion "Uteza" {protect, rElec rCorr
                  | Dex-2}
 14033 | Lair:1   | Noticed Urug
 14054 | Lair:1   | Killed Urug
 14235 | Lair:1   | Reached skill level 5 in Armour
 14235 | Lair:1   | Reached XP level 13. HP: 86/98 MP: 0/0
 14235 | Lair:1   | Learned a level 5 spell: Blade Hands
 14674 | Lair:1   | Reached skill level 11 in Fighting
 15066 | Lair:2   | You are sucked into a shaft and drop 2 floors!
 15477 | Lair:4   | Noticed Rupert
 15500 | Lair:4   | Killed Rupert
 15730 | Lair:4   | Found a staircase to the Slime Pits.
 15967 | Lair:3   | Noticed a catoblepas
 16243 | Lair:3   | Killed a catoblepas
 16244 | Lair:3   | HP: 4/150 [polar bear (9)]
 16829 | Lair:2   | Reached skill level 12 in Fighting
 16966 | Lair:2   | Found a hole to the Spider Nest.
 17810 | Lair:3   | Found a staircase to the Shoals.
 18110 | Lair:3   | Noticed Snorg
 18120 | Lair:3   | Killed Snorg
 18417 | Lair:4   | Reached XP level 14. HP: 103/107 MP: 0/0
 19290 | Lair:5   | Entered Level 5 of the Lair of Beasts
 19382 | Lair:5   | Found a dark tunnel.
 19391 | Volcano  | Entered a volcano
 19829 | Volcano  | Noticed a stone giant
 19845 | Volcano  | Killed a stone giant
 20044 | Lair:5   | Reached skill level 13 in Fighting
 20045 | Lair:5   | Reached skill level 10 in Dodging
 20445 | Lair:5   | Reached ***** piety under Trog
 21068 | Lair:5   | Reached skill level 10 in Evocations
 21707 | Lair:5   | Reached XP level 15. HP: 90/115 MP: 0/0
 21707 | Lair:5   | Learned a level 6 spell: Statue Form
 21710 | Lair:5   | Received a gift from Trog
 22430 | Orc:1    | Entered Level 1 of the Orcish Mines
 22430 | Orc:1    | Noticed Maurice
 22437 | Orc:1    | Killed Maurice
 22950 | Orc:2    | Entered Level 2 of the Orcish Mines
 23374 | Orc:2    | Found a staircase to the Elven Halls.
 23381 | Orc:2    | Reached ****** piety under Trog
 23381 | Orc:2    | Received a gift from Trog
 23541 | Orc:2    | Found Plog's Assorted Antiques.
 23550 | Orc:2    | Reached skill level 14 in Fighting
 23653 | Orc:2    | Found Afihirgh's Weapon Emporium.
 23980 | Orc:2    | Received a gift from Trog
 23986 | Orc:2    | Noticed an orc warlord
 24433 | Orc:2    | Killed an orc warlord
 24439 | Orc:2    | Found Taskam's Antique Weapon Boutique.
 24601 | Orc:2    | Found Soagum's Antique Armour Shop.
 25653 | D:12     | Identified a scroll of acquirement
 25653 | D:12     | Acquired a +1 demon blade of draining
 26512 | D:13     | Found a gate to the Vaults.
 26756 | D:13     | Reached skill level 10 in Armour
 26763 | D:13     | Received a gift from Trog
 26764 | D:13     | Reached skill level 15 in Fighting
 26781 | D:13     | Reached XP level 16. HP: 126/126 MP: 0/0
 27123 | D:14     | Found a glowing silver altar of Zin.
 27609 | D:14     | Identified the ring "Hexkes" {Fly rElec rN+ Str-2 SInv}
 27637 | D:14     | Found Acagriutz's Book Emporium.
 27845 | D:15     | Entered Level 15 of the Dungeon
 27878 | D:15     | Noticed Kirke
 27914 | D:15     | Killed Kirke
 27915 | D:15     | Reached skill level 1 in Shields
 28102 | D:15     | Noticed Josephine
 28119 | D:15     | Killed Josephine
 28214 | D:15     | Identified the +3 scimitar of Trog's Hope {flame, *Noise
                  | rC+++ rN++ Dex-5} (Trog gifted it to you on level 15 of the
                  | Dungeon)
 28214 | D:15     | Received a gift from Trog
 28314 | D:15     | Reached skill level 16 in Fighting
 28758 | D:15     | Found a staircase to the Depths.
 28985 | Shoals:1 | Entered Level 1 of the Shoals
 29015 | Shoals:1 | Found Heimeox's Jewellery Shoppe.
 29147 | Shoals:1 | Reached skill level 5 in Shields
 29580 | Shoals:1 | You are sucked into a shaft and drop 1 floor!
 29605 | Shoals:1 | Reached XP level 17. HP: 115/134 MP: 0/0
 29605 | Shoals:1 | Learned a level 6 spell: Iron Shot
 31104 | Shoals:2 | Received a gift from Trog
 31265 | Shoals:2 | Found a transporter.
 31265 | Shoals:2 | Noticed sirJeffrey23's ghost (adept FoFi)
 31266 | Shoals:2 | Found a transporter.
 32229 | Shoals:4 | Entered Level 4 of the Shoals
 32490 | Shoals:3 | Noticed Polyphemus
 32528 | Shoals:2 | Noticed a kraken
 32558 | Shoals:2 | Killed a kraken
 32559 | Shoals:2 | Reached skill level 17 in Fighting
 32741 | Shoals:2 | Killed Polyphemus
 34292 | Shoals:3 | Identified the +2 tower shield "Mojed" {*Slow rPois Str+4
                  | Int+3}
 34292 | Shoals:3 | Noticed Louise
 34311 | Shoals:3 | Killed Louise
 34652 | Spider:1 | Entered Level 1 of the Spider Nest
 35209 | Spider:1 | Reached XP level 18. HP: 143/143 MP: 0/0
 35698 | Spider:1 | Identified the +7 long sword "Empibeu" {vorpal, Fly Will-
                  | Str+9 Int-5} (Trog gifted it to you on level 1 of the
                  | Spider Nest)
 35698 | Spider:1 | Received a gift from Trog
 36552 | Spider:2 | Reached skill level 18 in Fighting
 36554 | Spider:2 | Reached skill level 10 in Shields
 36663 | Spider:2 | Found a runed translucent door.
 36663 | Spider:2 | Noticed ChongLi's ghost (adept VSBr)
 36723 | Spider:2 | Killed ChongLi's ghost
 38566 | Spider:4 | Entered Level 4 of the Spider Nest
 39947 | Spider:4 | Identified the +0 leather armour of Quhir {rF- rCorr Str-2
                  | Stlth+}
 39977 | Spider:4 | Reached XP level 19. HP: 130/150 MP: 0/0
 39977 | Spider:4 | Learned a level 6 spell: Conjure Ball Lightning
 40565 | Spider:4 | Got a gossamer rune of Zot
 41360 | Shoals:4 | Received a gift from Trog
 41805 | Shoals:4 | Identified the +0 buckler "Viunist" {Rampage}
 41823 | Shoals:4 | Found the +12 glaive of Prune {vorpal}
 41979 | Shoals:4 | Noticed Mlioglotl
 41990 | Shoals:4 | Killed Mlioglotl
 42964 | Shoals:4 | Got a barnacled rune of Zot
 43119 | Shoals:4 | Found Solargh's Magic Scroll Shop.
 43127 | Shoals:4 | Bought a scroll of enchant weapon for 150 gold pieces
 43127 | Shoals:4 | Bought a scroll of teleportation for 60 gold pieces
 43127 | Shoals:4 | Bought a scroll of fog for 80 gold pieces
 43583 | Elf:1    | Entered Level 1 of the Elven Halls
 43592 | Elf:1    | Paralysed by an air elemental for 1 turns
 43596 | Elf:1    | Paralysed by an air elemental for 1 turns
 43598 | Elf:1    | Identified the +10 falchion of the Absolute Madman {vorpal,
                  | Will+} (Trog gifted it to you on level 1 of the Elven
                  | Halls)
 43598 | Elf:1    | Received a gift from Trog
 43653 | Elf:1    | Found Ahohepp's Jewellery Shoppe.
 43653 | Elf:1    | Found Veisoq's Book Boutique.
 43655 | Elf:1    | Found Etompes's Jewellery Shoppe.
 43661 | Elf:1    | Bought the amulet "Oceh" {Reflect rC+++ Str+6 Int-5 SH+5}
                  | for 1259 gold pieces
 43865 | Elf:1    | Paralysed by an air elemental for 1 turns
 43925 | Elf:1    | Reached XP level 20. HP: 61/157 MP: 0/0
 43959 | Elf:1    | Noticed a Tzitzimitl
 43971 | Elf:1    | Reached skill level 15 in Evocations
 43971 | Elf:1    | HP: 5/157 [deep elf zephyrmancer/bolt of lightning (24)]
 44553 | Elf:1    | You are sucked into a shaft and drop 1 floor!
 44559 | Elf:2    | Reached skill level 15 in Shields
 44922 | Elf:1    | Bought a +6 ring of dexterity for 612 gold pieces
 45282 | Elf:1    | Found a runed translucent gate.
 45282 | Elf:1    | Found a runed translucent gate.
 45282 | Elf:1    | Found a runed translucent gate.
 45282 | Elf:1    | Found a runed translucent gate.
 45282 | Elf:1    | Found a runed translucent gate.
 45284 | Elf:1    | Found a runed translucent gate.
 46273 | Elf:2    | Found a runed translucent gate.
 46274 | Elf:2    | Found a runed translucent gate.
 46274 | Elf:2    | Found a runed translucent gate.
 46589 | Vaults:1 | Entered Level 1 of the Vaults
 46625 | Vaults:1 | Received a gift from Trog
 47758 | Vaults:1 | Reached skill level 15 in Dodging
 48707 | Vaults:2 | Identified the +8 scimitar of the Beginning {vorpal, rN++
                  | rCorr SInv} (Trog gifted it to you on level 2 of the
                  | Vaults)
 48707 | Vaults:2 | Received a gift from Trog
 48936 | Vaults:2 | Reached XP level 21. HP: 157/165 MP: 0/0
 48936 | Vaults:2 | Learned a level 7 spell: Malign Gateway
 49072 | Vaults:2 | Reached skill level 19 in Fighting
 50174 | Vaults:2 | Found Hefeyriogg's Antique Weapon Shoppe.
 50604 | Vaults:2 | Received a gift from Trog
 50892 | Vaults:2 | Paralysed by an air elemental for 1 turns
 50894 | Vaults:2 | Paralysed by an air elemental for 1 turns
 50905 | Vaults:2 | Paralysed by an air elemental for 1 turns
 51362 | Vaults:2 | Noticed a bone dragon
 51378 | Vaults:2 | Killed a bone dragon
 51698 | Vaults:2 | Paralysed by a sphinx for 2 turns
 52393 | Vaults:3 | Received a gift from Trog
 52393 | Vaults:3 | Found the +8 autumn katana {vorpal, manifold assault}
 52594 | Vaults:3 | Noticed Saint Roka
 52606 | Vaults:3 | Killed Saint Roka
 52707 | Vaults:3 | Found Tisohiwu's Weapon Shop.
 52750 | Vaults:3 | Mangled by a vampire knight

Illustrated notes

Levels and vault maps discovered:
D:1:      grunt_arrival_lava_bath, layout_basic
D:2:      kennysheep_the_goblin_king, layout_loops_corners, item_on_display_a
D:3:      layout_basic, nemelex_dance_club_becter,
          hellmonk_ecumenical_altar_inner_sanctum
D:4:      wad_crossroads, layout_basic, nicolae_tso_carved_into_rock
D:5:      layout_gridville, kennysheep_mini, nicolae_qazlal_style_of_elements,
          chequers_serial_rivers_micro_c
D:6:      layout_cave_pods, nicolae_ru_sacrificial_ziggurat,
          mainiacjoe_overflow_alcove_2, uniq_blork_the_orc, uniq_sigmund,
          uniq_crazy_yiuf_cottage
D:7:      gammafunk_beogh_shrine, layout_basic,
          minmay_temple_entry_from_below_a, hellmonk_bongcloud_opening,
          kennysheep_generic_room_8
D:8:      layout_basic, hangedman_abyss_or_decor_stabs
D:9:      layout_basic, makhleb_altar_promises_db, lightli_temple_of_fire,
          nicolae_overflow_crystal_walls, uniq_gastronok
D:10:     layout_basic, grunt_temple_overflow_open,
          gammafunk_temple_overflow_wave, grunt_lair_entry_orc_guard_hut,
          minmay_misc_feat_tiny, nicolae_titane, uniq_harold, uniq_lodul
D:11:     layout_roguey, zombieorc1_lemuel, uniq_erolcha, uniq_nergalle
D:12:     layout_cave_pools, hangedman_decor_push, minmay_microvault
D:13:     layout_cave_pools, lightli_vaults_fourway_checkpoint, grunt_potential
D:14:     layout_cave_pools, serial_shops, shop, kennysheep_another_room,
          zin_academy
D:15:     gammafunk_enter_depths_forms, layout_basic, minmay_strange_pillars,
          uniq_josephine, uniq_kirke
Lair:1:   layout_chaotic_city, grunt_megastairs_1, uniq_urug
Lair:2:   layout_gridlike, nicolae_spider_entry_orb_guardian
Lair:3:   layout_regular_city, minmay_shoals_entry_lonely_mermaid,
          lemuel_fruit_tree, serial_bayou_shore_b, uniq_snorg
Lair:4:   layout_regular_city, slime_entry_1, grunt_megastairs_3, uniq_rupert
Lair:5:   hangedman_lair_caniforms_friends, layout_gridlike,
          nicolae_volcano_entry_two_sided, chequers_serial_rivers_micro_b
Shoals:1: layout_shoals, nicolae_shoals_c_island
Shoals:2: layout_shoals, gammafunk_ghost_arena
Shoals:3: layout_shoals, nicolae_shoals_spring_well_temple, uniq_polyphemus,
          uniq_louise
Shoals:4: shoals_end_simple, layout_shoals, serial_shops, nicolae_diamond_shop,
          uniq_mlioglotl
Spider:1: layout_spider_delve, drop_trap
Spider:2: layout_spider_delve, ebering_ghost_reflecting_pool
Spider:3: layout_chambers
Spider:4: grunt_spider_rune_parallel
Orc:1:    layout_diamond_mine, uniq_maurice
Orc:2:    grunt_orc_community_town_hall, layout_caves,
          grunt_orc_community_big_house_1, grunt_orc_community_big_house_1,
          grunt_orc_community_house_3, grunt_orc_community_house_3,
          grunt_orc_community_house_1, grunt_orc_community_house_2,
          grunt_orc_community_house_1, grunt_orc_community_house_3
Elf:1:    layout_loops_corners, orc_legates, minmay_shop_grove
Elf:2:    nicolae_elf_blades_crystal_corner, layout_loops_cross
Vaults:1: v_misc_17, v_misc_31, v_misc_19, nicolae_vaults_shelves_hall,
          nicolae_vaults_little_squares_5, vaults_room_pools,
          ontoclasm_vaults_tryst, ontoclasm_vaults_decontamination,
          vaults_mumra_chevron, nicolae_vaults_asterisk,
          nicolae_vaults_border_crossing, layout_vaults_omnigrid
Vaults:2: hangedman_vaults_slither, st_octagons_1,
          nicolae_vaults_little_squares_6, v_misc_5, v_misc_22, v_misc_27,
          layout_vaults_chaotic_city, serial_hangedman_research,
          hangedman_research_metamorphosis, hangedman_research_toxicology,
          hangedman_research_probablistics, hangedman_research_electronics,
          hangedman_research_thanatology, serial_shops, shop
Vaults:3: vaults_dpeg_cross, nicolae_vaults_alarming, v_misc_3,
          minmay_crypt_entry_simple_statues, hangedman_vaults_restitches,
          nicolae_vaults_halls_meeting, vaults_room_grid,
          hangedman_vaults_pinch, ontoclasm_vaults_loading_screen,
          vaults_standard_mumra_lines, v_pattern_2, nicolae_vaults_little_ls,
          vaults_dpeg_diagonal, layout_vaults_maze_bifur, serial_shops,
          nicolae_shop_bloodbath_and_beyond, uniq_saint_roka

Skill      XL: |  1  2  3  4  5  6  7  8  9 10 11 12 13 14 15 16 17 18 19 20 21 |
---------------+----------------------------------------------------------------+-----
Long Blades    | 3 4 5 6 7 8 10 12 13 14 | 14.3
Dodging        | 3 4 7 8 10 12 14 15 16 | 16.9
Fighting       | 4 5 6 7 8 9 10 12 13 15 16 17 18 19 | 19.9
Evocations     | 1 2 4 5 6 8 10 11 12 14 15 17 | 17.1
Armour         | 5 6 7 10 | 10.0
Shields        | 5 8 12 14 15 | 15.0

Action                   |  1- 3 |  4- 6 |  7- 9 | 10-12 | 13-15 | 16-18 | 19-21 || total
-------------------------+-------+-------+-------+-------+-------+-------+-------++-------
Melee: Falchion          |   132 |     5 |       |       |       |       |       ||   137
       Long sword        |       |   182 |   298 |   655 |   580 |       |       ||  1715
       Punch             |       |       |     4 |    12 |    19 |     2 |       ||    37
       Scimitar          |       |       |       |       |   853 |       |       ||   853
       Demon blade       |       |       |       |       |   145 |  1600 |  1548 ||  3293
       Triple sword      |       |       |       |       |    48 |       |       ||    48
       Katana            |       |       |       |       |       |       |    57 ||    57
Throw: Boomerang         |       |       |       |     7 |     5 |       |       ||    12
Invok: Berserk           |       |     1 |     5 |    18 |     8 |     6 |     6 ||    44
       Trog's Hand       |       |       |     4 |     5 |     4 |     7 |     7 ||    27
       Brothers in Arms  |       |       |       |       |       |     2 |     6 ||     8
Evoke: Wand              |       |       |       |    15 |    26 |    23 |    17 ||    81
       Phantom mirror    |       |       |       |     1 |     2 |     2 |     2 ||     7
       Condenser vane    |       |       |       |       |     3 |     5 |     5 ||    13
       Phial of floods   |       |       |       |       |     1 |     3 |     4 ||     8
       Tin of tremorston |       |       |       |       |       |       |    14 ||    14
  Use: Scroll            |     3 |     7 |     7 |     8 |    15 |    18 |     9 ||    67
       Potion            |       |       |     1 |     2 |       |     2 |    14 ||    19
 Stab: Petrifying        |       |       |       |       |     2 |       |       ||     2
       Petrified         |       |       |       |       |     1 |       |       ||     1
       Distracted        |       |       |       |       |       |       |     1 ||     1
       Betrayed ally     |       |       |       |       |       |       |     1 ||     1
       Sleeping          |       |       |       |       |       |       |     1 ||     1
Armor: Ring mail         |    49 |    33 |       |       |   629 |   636 |   570 ||  1917
       Scale mail        |       |    44 |   200 |   353 |    37 |       |       ||   634
       Leather armour    |       |     1 |       |       |       |       |       ||     1
Dodge: Dodged            |    86 |   130 |   161 |   352 |   974 |  1017 |   974 ||  3694
Block: Other             |       |       |       |    51 |   305 |    18 |       ||   374
       Reflection        |       |       |       |       |     9 |    43 |    61 ||   113
       Buckler           |       |       |       |       |       |   268 |       ||   268
       Kite shield       |       |       |       |       |       |   820 |  1334 ||  2154

Table legend: (Time is in decaauts)
 A = Elapsed time spent in this place.
 B = Non-inter-level travel time spent in this place.
 C = Inter-level travel time spent in this place.
 D = Time resting spent in this place.
 E = Time spent auto-exploring this place.
 F = Levels seen in this place.
 G = Mean time per level.
                   A        B        C        D        E       F      G
               +--------+--------+--------+--------+--------+-----+--------+
         Total |  51743 |  48659 |   3084 |   6591 |  32969 |  36 | 1437.3 |
       Dungeon |  17925 |  16837 |   1088 |   2381 |  11466 |  15 | 1195.0 |
          Lair |   9055 |   8256 |    799 |   1282 |   5437 |   5 | 1811.0 |
        Shoals |   7175 |   6767 |    408 |   2322 |   3102 |   4 | 1793.8 |
   Spider Nest |   5734 |   5531 |    203 |      2 |   4288 |   4 | 1433.5 |
  Orcish Mines |   2514 |   2130 |    384 |    119 |   1585 |   2 | 1257.0 |
   Elven Halls |   2822 |   2698 |    124 |      0 |   2277 |   2 | 1411.0 |
        Vaults |   5914 |   5838 |     76 |    440 |   4343 |   3 | 1971.3 |
       Volcano |    601 |    601 |      0 |     41 |    471 |   1 |  601.0 |
               +--------+--------+--------+--------+--------+-----+--------+

Top non-repeatable levels by time:
Vaults:2: 3830 daAuts
   Elf:1: 2329 daAuts
Spider:4: 2285 daAuts
  Lair:5: 2232 daAuts
Shoals:1: 2209 daAuts
Shoals:3: 1869 daAuts
   Orc:2: 1840 daAuts
  Lair:2: 1826 daAuts
Spider:3: 1805 daAuts
Shoals:2: 1780 daAuts
    D:11: 1737 daAuts
  Lair:3: 1727 daAuts
Vaults:1: 1719 daAuts
  Lair:4: 1717 daAuts
     D:9: 1566 daAuts
